 Dungeon Crawl Stone Soup version 0.27.1-1-g398f81649c (webtiles) character file.

Game seed: 5423674901588325867

4 H0rd4k the Insei (level 1, 0/13 HPs)
             Began as an Octopode Transmuter on Sept 9, 2021.
             Frozen to death by an endoplasm (4 damage)
             ... on level 1 of the Dungeon.
             The game lasted 00:00:20 (336 turns).

H0rd4k the Insei (Octopode Transmuter)               Turns: 336, Time: 00:00:20

Health: 0/13       AC:  1    Str:  9    XL:     1   Next: 70%
Magic:  3/3        EV: 13    Int: 15    God:
Gold:   0          SH:  0    Dex: 12    Spells: 3/4 levels left

rFire    . . .     SeeInvis .     - Unarmed
rCold    . . .     Faith    .   (no shield)
rNeg     . . .     Spirit   .   (helmet restricted)
rPois    .         Reflect  .   (no amulet)
rElec    .         Harm     .   (no ring)
rCorr    .         Rampage  .   (no ring)
Will     .....                  (no ring)
Stlth    ++........             (no ring)
HPRegen  0.04/turn              (no ring)
MPRegen  0.08/turn              (no ring)
                                (no ring)
                                (no ring)

@: no status effects
A: almost no armour, amphibious, 8 rings, camouflage 1, gelatinous body 1,
(nimble swimmer 1), tentacles
a: no special abilities


You were on level 1 of the Dungeon.
You visited 1 branch of the dungeon, and saw 2 of its levels.

Inventory:

Scrolls
 a - a scroll of enchant armour {unknown}
 b - a scroll of teleportation {unknown}


   Skills:
 + Level 1.0 Fighting
 + Level 2.0 Dodging
 + Level 3.3 Unarmed Combat
 + Level 2.0 Spellcasting
 + Level 2.0 Transmutations


You had 3 spell levels left.
You knew the following spells:

 Your Spells              Type           Power      Damage    Failure   Level
a - Beastly Appendage     Tmut           14%        N/A       10%         1

Your spell library contained the following spells:

 Spells                   Type           Power      Damage    Failure   Level
 Wereblood                Tmut           7%         N/A       14%         2
 Spider Form              Tmut/Pois      2%         N/A       41%         3
 Ice Form                 Ice/Tmut       4%         N/A       82%         4


Dungeon Overview and Level Annotations

Branches:
Dungeon (2/15)

Altars:


Innate Abilities, Weirdness & Mutations

You cannot wear most types of armour.
You are amphibious.
You can wear up to eight rings at the same time.
Your skin changes colour to match your surroundings (Stealth+).
Your rubbery body absorbs attacks. (AC +1, EV +1)
((You are camouflaged near water. (Stealth+)))
You have tentacles for arms and can constrict up to eight enemies at once.


Message History

The gnoll shouts!
There are monsters nearby!
There are monsters nearby!
The goblin shouts!
You tentacle-slap the gnoll but do no damage.
Your grab misses the gnoll. Your squeeze misses the gnoll.
The gnoll hits you with a +0 flail!
Ouch! That really hurt!
There are monsters nearby!
You are too injured to fight recklessly!
There are monsters nearby!
You are too injured to fight recklessly!
There are monsters nearby!
The gnoll closely misses you.
Casting: Beastly Appendage (safe; 10% risk of failure)
Confirm with . or Enter, or press ? or * to list all spells.
You don't know that spell.
There are monsters nearby!
You tentacle-slap the gnoll but do no damage.
You grab the gnoll.
You constrict the gnoll, but do no damage.
The gnoll completely misses you.
You tentacle-slap the gnoll but do no damage.
You constrict the gnoll. The gnoll hits you with a +0 flail.
* * * LOW HITPOINT WARNING * * *
You release your grip on the gnoll.
You fall into a shaft and drop 1 floor!
The shaft crumbles and collapses.
A worm comes into view.
Found a stone staircase leading up.
There is a stone staircase leading up here.
You climb upwards.
Found a whip.
There is a stone staircase leading down here.
The helpless endoplasm fails to defend itself.
You tentacle-slap the endoplasm.
The endoplasm is lightly wounded.
The endoplasm freezes you.
You are frozen.
You die...

#.# .#
#.##. .#
.... ###
.## ...
#.. .. ..
#.##.# .#
#.#.. .#
.. #.#.#
.###.$B.
##.#.#.#.#
.....#.
#.>@)....#
........
#.##J###.#
........
#. .#
.B....##
#. ..
........
#. ###
.......#
#.
........
#.
.......#
.. ##.....


You could see an endoplasm.

Vanquished Creatures
  An endoplasm (D:1)
  A goblin (D:1)
  A quokka (D:1)
  A kobold (D:1)
4 creatures vanquished.

Notes
Turn   | Place    | Note
-------+----------+-------------------------------------------
     0 | D:1      | H0rd4k the Octopode Transmuter began the quest for the Orb.
     0 | D:1      | Reached XP level 1. HP: 13/13 MP: 3/3
   328 | D:1      | You fall into a shaft and drop 1 floor!
   336 | D:1      | Frozen to death by an endoplasm

Illustrated notes

Levels and vault maps discovered:
D:1:      amcnicky_arrival_gap_in_the_tavern_cellar, layout_loops_cross
D:2:      layout_loops_cross, basic_altar, chequers_ecumenical_altar_twisty,
          serial_shops, nicolae_shop_window_shopping, uniq_robin

Action                   || total
-------------------------++-------
Melee: Unarmed           ||    13
       Constrict         ||     3
       Tentacles         ||     3
 Stab: Sleeping          ||     2
Dodge: Dodged            ||     6
